 Dungeon Crawl Stone Soup version 0.30.0-17-ge0270778cf (webtiles) character file.

Game seed: 6032720990327002593

66 SnakkuSnakku7 the Trooper (level 3, 0/33 HPs)
             Began as an Armataur Artificer on May 21, 2023.
             Succumbed to an adder's poison
             ... on level 2 of the Dungeon.
             The game lasted 00:01:37 (1123 turns).

SnakkuSnakku7 the Trooper (Armataur Artificer)      Turns: 1123, Time: 00:01:38

Health: 0/33       AC:  7    Str: 19    XL:     3   Next: 96%
Magic:  3/3        EV:  8    Int: 17    God:
Gold:   62         SH:  0    Dex: 10    Spells: 2/2 levels left

rFire   . . .        s - +0 mace
rCold   . . .        (no shield)
rNeg    . . .        k - +0 ring mail
rPois   .            (no helmet)
rElec   .            g - +0 cloak
rCorr   .            (no gloves)
SInv    .            (no barding)
Will    .....        (no amulet)
Stlth   +            q - +6 ring of intelligence
HPRegen 0.25/turn    (no ring)
MPRegen 0.08/turn

%: roll
@: lethally poisoned (0 -> -3), flying
A: large, rugged brown scales 3, deformed body, armoured tail, roll, long
tongue, awkward tongue
a: no special abilities


You were on level 2 of the Dungeon.
You visited 1 branch of the dungeon, and saw 2 of its levels.

You collected 62 gold pieces.

Inventory:

Hand Weapons
 a - a +0 club
 j - a +0 whip
 s - a +0 mace (weapon)
Missiles
 o - 6 poisoned darts
Armour
 b - a +0 leather armour
 g - a +0 cloak (worn)
 k - a +0 ring mail (worn)
 p - an orb of wrath
Jewellery
 q - a +6 ring of intelligence (left hand)
Wands
 c - a wand of flame (10) (quivered)
 d - a wand of charming (15)
 e - a wand of iceblast (5)
Scrolls
 f - 2 scrolls of noise {unknown}
 h - 3 scrolls of identify {unknown}
 l - 2 scrolls of blinking {unknown}
 m - a scroll of teleportation {unknown}
 n - a scroll of torment {unknown}
 r - a scroll of summoning {unknown}


   Skills:
 + Level 3.5 Fighting
 - Level 2.4 Armour
 - Level 0.6 Dodging
 - Level 1.1 Stealth
 - Level 3.0 Evocations


You had 2 spell levels left.
You didn't know any spells.
Your spell library was empty.

Dungeon Overview and Level Annotations

Branches:
Dungeon (2/15)

Altars:


Innate Abilities, Weirdness & Mutations

You are completely covered in rugged brown scales. (AC +3, +7% HP)
Armour fits poorly on your strangely shaped body.
You have a long armoured tail.
You roll when moving toward enemies. (Rampage)
Your long tongue fully drains potion bottles. (2x potion effects)
Your tongue gives you trouble enunciating. (1.5x scroll delay)


Message History

Aiming: Throw Flame
Press: ? - help, Shift-Dir - straight line, f - adder
Aim: an adder (almost dead, 53% to hit)
The puff of flame misses the adder.
* * * LOW HITPOINT WARNING * * *
You feel sick. The adder closely misses you.
Unknown command.
Aiming: Throw Flame
Press: ? - help, Q - select action, (/) - cycle Shift-Dir - straight line, f/p - adder
Aim: an adder (almost dead, 53% to hit)
The puff of flame misses the adder.
* * * LOW HITPOINT WARNING * * *
You feel sick. The adder bites you but does no damage. The adder bites you.
* * * LOW HITPOINT WARNING * * *
Aiming: Throw Flame
Press: ? - help, Q - select action, (/) - cycle Shift-Dir - straight line, f/p - adder
Aim: an adder (almost dead, 53% to hit)
The puff of flame misses the adder.
* * * LOW HITPOINT WARNING * * *
You feel sick. The adder barely misses you.
Aiming: Throw Flame
Press: ? - help, Q - select action, (/) - cycle Shift-Dir - straight line, f/p - adder
Aim: an adder (almost dead, 53% to hit)
The puff of flame misses the adder.
* * * LOW HITPOINT WARNING * * *
You feel sick. The adder bites you but does no damage.
Aiming: Throw Flame
Press: ? - help, Q - select action, (/) - cycle Shift-Dir - straight line, f/p - adder
Aim: an adder (almost dead, 53% to hit)
The puff of flame hits the adder!
You kill the adder!
* * * LOW HITPOINT WARNING * * *
You feel sick.
It was a potion of flight.
You feel very buoyant.
You fly up into the air.
You slurp down every last drop of the potion of flight!
* * * LOW HITPOINT WARNING * * *
You feel sick.
You die...

##############
.............#.
...............
...............
... .
.......†.......
##..
#.#########.###.#
.....
............@...#
..#..
..............###
.....
.#.##.#.###..##
#...
...............$
#...
....#.#.###..###
#. #... ... #.#.#
#.?... #..#...
....#.#.# #...<.
#..#..#
......#.###.....
.......
.................+
.....#..#


There were no monsters in sight!

Vanquished Creatures
  An adder (D:2)
  A worm (D:2)
  5 endoplasms (D:1)
  A giant cockroach (D:1)
  6 goblins
  4 hobgoblins
  6 jackals (D:1)
  5 kobolds (D:1)
  7 quokkas
  5 ball pythons (D:1)
  A bat (D:1)
  3 frilled lizards (D:1)
  A rat (D:2)
46 creatures vanquished.

Notes
Turn   | Place    | Note
-------+----------+-------------------------------------------
     0 | D:1      | SnakkuSnakku7 the Armataur Artificer began the quest for
                  | the Orb.
     0 | D:1      | Reached XP level 1. HP: 16/16 MP: 1/1
    30 | D:1      | Reached skill level 1 in Fighting
   148 | D:1      | Reached XP level 2. HP: 22/25 MP: 2/2
   331 | D:1      | Reached XP level 3. HP: 32/32 MP: 3/3
   958 | D:2      | Found a faded altar of an unknown god.
  1121 | D:2      | HP: 1/33 [poisoned by an adder]
  1123 | D:2      | Succumbed to an adder's poison

Illustrated notes

Levels and vault maps discovered:
D:1:      zaba_arrival_water, layout_loops_ring, minmay_tromino_v4_a
D:2:      layout_basic, chequers_ecumenical_altar_twisty

Skill      XL: |  1  2  3 |
---------------+----------+-----
Fighting       | 1 2 3 |  3.5
Armour         | |  2.4
Dodging        | |  0.6
Stealth        | |  1.1
Evocations     | |  3.0

Action                     || total
---------------------------++-------
  Melee: Club              ||    50
         Whip              ||    99
         Tailslap          ||    14
         Punch             ||     1
         Mace              ||     9
  Evoke: Wand              ||     5
    Use: Potion            ||     1
 Armour: Leather armour    ||    24
         Ring mail         ||    62
  Dodge: Dodged            ||    77
